 Dungeon Crawl Stone Soup version 0.28-a0-925-gd5e1996cdb (webtiles) character file.

Game seed: 11909830833791952490

58 croobank the Insei (level 4, 0/28 HPs)
             Began as an Octopode Transmuter on Nov 27, 2021.
             Succumbed to an adder's poison
             ... on level 2 of the Dungeon.
             The game lasted 00:08:33 (1765 turns).

croobank the Insei (Octopode Transmuter)            Turns: 1765, Time: 00:08:34

Health: 0/28       AC:  1    Str: 10    XL:     4   Next: 1%
Magic:  4/8        EV: 13    Int: 15    God:
Gold:   40         SH:  0    Dex: 12    Spells: 4/8 levels left

rFire   . . .      SeeInvis .   b - +0 short sword
rCold   . . .      Faith    .   (no shield)
rNeg    . . .      Spirit   .   (helmet currently unavailable)
rPois   .          Reflect  .   (no amulet)
rElec   .          Harm     .   (no ring)
rCorr   .          Rampage  .   (no ring)
Will    .....                   (no ring)
Stlth   +.........              (no ring)
HPRegen 0.09/turn               (no ring)
MPRegen 0.11/turn               (no ring)
                                (no ring)
                                (no ring)

@: lethally poisoned (0 -> -6), appendages (expiring), silenced, wereblooded
(expiring)
A: tentacle spike 3, almost no armour, amphibious, 8 rings, camouflage 1,
gelatinous body 1, (nimble swimmer 1), tentacles
a: End Transformation


You were on level 2 of the Dungeon.
One of your tentacles had grown a beastly spike.
You visited 1 branch of the dungeon, and saw 2 of its levels.

You collected 40 gold pieces.

Inventory:

Hand Weapons
 b - a +0 short sword (weapon)
 c - a +0 dagger
 f - a +0 spear
Missiles
 a - 70 stones
 d - 23 bolts
 g - 3 javelins (quivered)
 h - 11 poisoned darts
Potions
 j - a potion of mutation


   Skills:
 + Level 1.5 Fighting
 + Level 0.7 Short Blades
 + Level 2.3 Dodging
 + Level 3.5 Unarmed Combat
 + Level 2.7 Spellcasting
 + Level 2.2 Transmutations


You had 4 spell levels left.
You knew the following spells:

 Your Spells              Type           Power      Damage    Failure   Level
a - Beastly Appendage     Tmut           16%        N/A       9%          1
b - Wereblood             Tmut           8%         N/A       13%         2
c - Shock                 Conj/Air       8%         1d3       21%         1

Your spell library contained the following spells:

 Spells                   Type           Power      Damage    Failure   Level
 Spider Form              Tmut/Pois      5%         N/A       36%         3
 Dazzling Flash           Conj/Hex       4%         N/A       52%         3
 Swiftness                Air            2%         N/A       52%         3
 Ice Form                 Ice/Tmut       5%         N/A       78%         4
 Airstrike                Air            1%         N/A       90%         4
 Agony                    Necr           2%         N/A       99%         5
 Silence                  Hex/Air        1%         N/A       99%         5


Dungeon Overview and Level Annotations

Branches:
Dungeon (2/15)

Altars:

Annotations:
D:2 Natasha


Innate Abilities, Weirdness & Mutations

One of your tentacles has grown a beastly spike.
You cannot wear most types of armour.
You are amphibious.
You can wear up to eight rings at the same time.
Your skin changes colour to match your surroundings (Stealth+).
Your rubbery body absorbs attacks. (AC +1, EV +1)
((You are camouflaged near water. (Stealth+)))
You have tentacles for arms and can constrict up to eight enemies at once.


Message History

The adder is severely wounded.
The adder closely misses you. The adder bites you.
Casting: Wereblood (safe; 13% risk of failure)
Confirm with . or Enter, or press ? or * to list all spells.
One of your tentacles grows a vicious spike.
Natasha casts a spell.
The adder bites you.
You are poisoned.
The adder poisons you!
Okay, then.
You feel sick.
The crimson imp blinks!
The adder barely misses you.
You feel sick.
The crimson imp blinks!
You feel sick.
Natasha howls an incantation.
Natasha shimmers violently.
You see here a smoky emerald potion.
You feel sick.
You are no longer poisoned.
As you read the scroll labelled CEFOGGUZAXT, it crumbles to dust.
It is a scroll of identify.
j - a potion of mutation The adder bites you.
* * * LOW HITPOINT WARNING * * *
The crimson imp blinks!
The adder closely misses you.
This is a scroll of acquirement!
Something appears before you!
Your transformation is almost over.
The adder bites you.
* * * LOW HITPOINT WARNING * * *
You are lethally poisoned!
The adder poisons you!
As you read the scroll labelled QUHIADEKIM, it crumbles to dust.
A profound silence engulfs you.
It was a scroll of silence.
* * * LOW HITPOINT WARNING * * *
You feel sick. The adder closely misses you. The crimson imp misses you.
You hit the adder. You grab the adder.
Your tentacle spike misses the adder.
The adder is severely wounded.
Your primal bloodlust is almost over.
You constrict the adder.
You die...

#.##.##
##.......#
#.#.##
##.#.###.#
#...#
#........
###.#
##.#.#####.#
##.#
#.......5..#
#.#
#.###5#####.#
#...# #h# ###
#S# #@# #5#
#.# #.# #..
###


You could see Natasha, 2 crimson imps and an adder.

Vanquished Creatures
  Natasha (D:2)
  A dart slug (D:2)
  An endoplasm (D:1)
  3 giant cockroaches (D:1)
  2 goblins (D:1)
  3 hobgoblins (D:1)
  2 jackals (D:2)
  A quokka (D:1)
  2 ball pythons (D:1)
  2 bats (D:1)
  2 frilled lizards (D:1)
  7 kobolds (D:1)
  5 rats (D:1)
32 creatures vanquished.

Notes
Turn   | Place    | Note
-------+----------+-------------------------------------------
     0 | D:1      | croobank the Octopode Transmuter began the quest for the
                  | Orb.
     0 | D:1      | Reached XP level 1. HP: 13/13 MP: 3/3
   338 | D:1      | Reached XP level 2. HP: 18/18 MP: 3/5
   365 | D:1      | Found a faded altar of an unknown god.
   505 | D:1      | Learned a level 2 spell: Wereblood
   945 | D:1      | Reached XP level 3. HP: 23/23 MP: 4/6
  1386 | D:2      | Noticed Natasha
  1393 | D:2      | Killed Natasha
  1604 | D:2      | Learned a level 1 spell: Shock
  1686 | D:2      | Reached XP level 4. HP: 28/28 MP: 8/8
  1745 | D:2      | Noticed Natasha
  1763 | D:2      | Identified a scroll of acquirement
  1763 | D:2      | Acquired 831 gold pieces
  1764 | D:2      | HP: 1/28 [poisoned by an adder]
  1765 | D:2      | Succumbed to an adder's poison

Illustrated notes

Levels and vault maps discovered:
D:1:      dpeg_arrival_line_fractal, layout_basic,
          hellmonk_ecumenical_altar_run_dry
D:2:      layout_loops_ring, uniq_natasha

Action                   |  1- 3 |  4- 6 || total
-------------------------+-------+-------++-------
Melee: Unarmed           |    13 |       ||    13
       Constrict         |    16 |     1 ||    17
       Tentacles         |    13 |       ||    13
       Kick              |    11 |       ||    11
       Dagger            |    11 |       ||    11
       Short sword       |    38 |    10 ||    48
       Punch             |     1 |       ||     1
 Cast: Beastly Appendage |    19 |     2 ||    21
       Wereblood         |       |     1 ||     1
  Use: Scroll            |     1 |     3 ||     4
       Potion            |     2 |       ||     2
 Stab: Sleeping          |     6 |       ||     6
Armor: Skin              |     4 |       ||     4
Dodge: Dodged            |    42 |    14 ||    56

Table legend: (Time is in decaauts)
 A = Elapsed time spent in this place.
 B = Non-inter-level travel time spent in this place.
 C = Inter-level travel time spent in this place.
 D = Time resting spent in this place.
 E = Time spent auto-exploring this place.
 F = Levels seen in this place.
 G = Mean time per level.
                   A        B        C        D        E       F      G
               +--------+--------+--------+--------+--------+-----+--------+
         Total |   1783 |   1773 |     10 |    440 |    980 |   2 |  891.5 |
       Dungeon |   1783 |   1773 |     10 |    440 |    980 |   2 |  891.5 |
               +--------+--------+--------+--------+--------+-----+--------+

Top non-repeatable levels by time:
     D:1: 1402 daAuts
     D:2: 380 daAuts
